 Dungeon Crawl Stone Soup version 0.30.1-4-g462c640d31 (webtiles) character file.

Game seed: 8419454644957820828

52 coolio the Trooper (level 3, 13/29 HPs)
             Began as a Demonspawn Fighter on Sept 6, 2023.
             Quit the game on level 2 of the Dungeon.
             The game lasted 00:01:21 (940 turns).

coolio the Trooper (Demonspawn Fighter)              Turns: 940, Time: 00:01:22

Health: 13/29      AC:  6    Str: 18    XL:     3   Next: 60%
Magic:  3/3        EV:  9    Int:  9    God:
Gold:   18         SH:  0    Dex: 12    Spells: 2/2 levels left

rFire   . . .        a - +0 war axe
rCold   . . .        (no shield)
rNeg    . . .        b - +0 scale mail
rPois   .            (helmet restricted)
rElec   .            (no cloak)
rCorr   .            (no gloves)
SInv    .            (no boots)
Will    .....        (no amulet) Stlth
                     (no ring)
HPRegen 0.24/turn    (no ring)
MPRegen 0.08/turn

%: no passive effects
@: no status effects
A: antennae 1, claws 1
a: no special abilities


You were on level 2 of the Dungeon.
You visited 1 branch of the dungeon, and saw 2 of its levels.

You collected 18 gold pieces.

Inventory:

Hand Weapons
 a - a +0 war axe (weapon)
Armour
 b - a +0 scale mail (worn)
Jewellery
 g - a ring of positive energy
Scrolls
 c - a scroll of amnesia {unknown}
 e - a scroll of enchant armour {unknown}
 f - a scroll of identify {unknown}
 h - a scroll of fear {unknown}
Potions
 d - a potion of might


   Skills:
 + Level 3.4 Fighting
 - Level 2.1 Axes
 + Level 3.1 Armour
 - Level 2.6 Shields
 * Level 1.5 Unarmed Combat


You had 2 spell levels left.
You didn't know any spells.
Your spell library was empty.

Dungeon Overview and Level Annotations

Branches:
Dungeon (2/15)

Altars:


Innate Abilities, Weirdness & Mutations

You have a pair of small antennae on your head.
You have sharp fingernails.


Message History

You are too injured to fight recklessly!
You are too injured to fight recklessly!
You are too injured to fight recklessly!
You are too injured to fight recklessly!
You are too injured to fight recklessly!
You are too injured to fight recklessly!
You are too injured to fight recklessly!
You are too injured to fight recklessly!
You are too injured to fight recklessly!
You are too injured to fight recklessly!
You hit the gnoll.
You kill the gnoll!
Things that are here:
a +0 flail; a gnoll corpse
Things that are here:
a +0 flail; a gnoll corpse A giant cockroach is nearby!
A giant cockroach is nearby!
A giant cockroach is nearby!
You are too injured to fight recklessly!
You are too injured to fight recklessly!
A ball python comes into view.
The giant cockroach closely misses you.
You barely miss the giant cockroach.
The ball python hisses angrily.
The giant cockroach bites you but does no damage.
You closely miss the giant cockroach.
The giant cockroach bites you but does no damage. x2
You closely miss the giant cockroach. The giant cockroach barely misses you.
The giant cockroach misses you.
You closely miss the giant cockroach. You closely miss the ball python.
The ball python completely misses you. The ball python grabs you.
The ball python constricts you.
The giant cockroach bites you but does no damage.
You slash the giant cockroach!
You kill the giant cockroach!
You hit the ball python.
You kill the ball python!
You see here a giant cockroach corpse.
Are you sure you want to abandon this character and quit the game? (Confirm with "yes".)

############
...........#
#####...#.#
#######.#.#.#
......)<)...#
#########.#######
.......†.......
##...##@#######
#....†....#
#.......#.#
#.......# #
###......#
.....>...$#
..####....# .
#....# #....#


There were no monsters in sight!

Vanquished Creatures
  3 gnolls
  A ball python (D:2)
  An endoplasm (D:2)
  5 giant cockroaches
  A goblin (D:1)
  3 hobgoblins (D:1)
  3 kobolds (D:1)
  A quokka (D:1)
  2 frilled lizards (D:1)
  2 rats (D:1)
22 creatures vanquished.

Notes
Turn   | Place    | Note
-------+----------+-------------------------------------------
     0 | D:1      | coolio the Demonspawn Fighter began the quest for the Orb.
     0 | D:1      | Reached XP level 1. HP: 18/18 MP: 1/1
    91 | D:1      | Found a faded altar of an unknown god.
   331 | D:1      | Discovered your monstrous ancestry.
   331 | D:1      | Gained mutation: You have sharp fingernails. [demonic
                  | ancestry]
   331 | D:1      | Reached XP level 2. HP: 24/24 MP: 2/2
   850 | D:1      | Reached skill level 1 in Unarmed Combat
   850 | D:1      | Gained mutation: You have a pair of small antennae on your
                  | head. [demonic ancestry]
   850 | D:1      | Reached XP level 3. HP: 15/29 MP: 3/3
   940 | D:2      | Quit the game

Illustrated notes

Levels and vault maps discovered:
D:1:      giann_bridges, layout_basic, shapermc_ecumenical_altar_mp_highgroup,
          minmay_misc_feat_columns
D:2:      layout_basic, minmay_pentomino_p4, uniq_jessica

Skill      XL: |  1  2 |
---------------+-------+-----
Axes           | 2 |  2.1
Armour         | 3 |  3.1
Unarmed Combat | 1 |  1.5
Fighting       | |  3.4
Shields        | |  2.6

Action                     || total
---------------------------++-------
  Melee: War axe           ||    61
 Armour: Scale mail        ||    25
  Dodge: Dodged            ||    27
